 Dungeon Crawl Stone Soup version 0.28.0-62-gf88900778d (webtiles) character file.

Game seed: 151809790759831161

340 Coron the Sneak (level 6, -2/56 HPs)
             Began as a Deep Dwarf Delver on Mar 10, 2023.
             Was a Believer of Dithmenos.
             Slain by an ogre
             ... wielding a +0 giant club
              (16 damage)
             ... on level 5 of the Dungeon.
             The game lasted 00:12:58 (3019 turns).

Coron the Sneak (Deep Dwarf Delver)                 Turns: 3019, Time: 00:12:59

Health: -2/56      AC:  9    Str: 18    XL:     6   Next: 30%
Magic:  6/6        EV: 11    Int: 10    God:    Dithmenos [**....]
Gold:   177        SH:  0    Dex: 11    Spells: 5/5 levels left

rFire   + + +      SeeInvis +   A - +6 flail "Uloucs" {venom, +Blink rF+++ Dex-3 SInv}
rCold   . . .      Faith    .   (no shield)
rNeg    . . .      Spirit   .   w - +0 ring mail
rPois   +          Reflect  .   (no helmet)
rElec   .          Harm     .   o - +0 cloak
rCorr   .          Rampage  .   (no gloves)
Will    .....                   i - +1 pair of boots
Stlth   +++.......              (no amulet)
HPRegen 0.00/turn               y - ring of poison resistance
MPRegen 0.10/turn               (no ring)

@: hasted, wreathed by umbra, very quick
A: damage resistance, heal wounds, sense surroundings 1, no regeneration
a: Heal Wounds, Renounce Religion, Evoke Blink, Shadow Step


You were on level 5 of the Dungeon.
You worshipped Dithmenos.
Dithmenos was pleased with you.
You visited 1 branch of the dungeon, and saw 5 of its levels.

You collected 177 gold pieces.

Inventory:

Hand Weapons
 a - a +0 hand axe
 l - a +2 vampiric whip
 A - the +6 flail "Uloucs" (weapon) {venom, +Blink rF+++ Dex-3 SInv}
   (You found it on level 5 of the Dungeon)

   It poisons the flesh of those it strikes.
   Dex:       It affects your dexterity (-3).
   rF:        It renders you almost immune to fire.
   SInv:      It lets you see invisible.
   +Blink:    It lets you blink.
Missiles
 q - 83 stones
Armour
 b - a +0 leather armour
 i - a +1 pair of boots (worn)
 j - a +0 scale mail
 o - a +0 cloak (worn)
 w - a +0 ring mail (worn)
Jewellery
 u - a ring of magical power
 y - a ring of poison resistance (left hand)
Wands
 g - a wand of digging (3)
 n - a wand of paralysis (8)
Scrolls
 c - a scroll of fog
 d - a scroll of magic mapping
 e - a scroll of fear
 h - 2 scrolls of identify
 p - a scroll of acquirement
 s - 2 scrolls of teleportation {unknown}
 t - a scroll of enchant weapon {unknown}
 x - a scroll of summoning {unknown}
Potions
 f - 2 potions of haste
 k - a potion of ambrosia
 m - a potion of lignification {unknown}
 r - a potion of flight {unknown}
 v - a potion of invisibility {unknown}
 z - 2 potions of curing {unknown}


   Skills:
 - Level 3.0 Fighting
 - Level 2.9(3.3) Axes
 + Level 1.9(2.6) Maces & Flails
 - Level 4.0 Armour
 - Level 3.8 Dodging
 - Level 7.1 Stealth


You had 5 spell levels left.
You didn't know any spells.
Your spell library contained the following spells:

 Spells                   Type           Power      Damage    Failure   Level
 Freeze                   Ice            0%         1d3       54%         1
 Summon Small Mammal      Summ           0%         N/A       54%         1
 Call Canine Familiar     Summ           0%         N/A       89%         3
 Frozen Ramparts          Ice            0%         1d2       89%         3
 Summon Guardian Golem    Hex/Summ       0%         N/A       89%         3
 Hailstorm                Conj/Ice       0%         3d3       100%        4


Dungeon Overview and Level Annotations

Branches:
Dungeon (5/15)
 Temple: D:4-7

Altars:
Dithmenos
Nemelex Xobeh
Qazlal
Uskayaw

Shops:
D:5 [

Annotations:
D:4 exclusion: upstairs
D:5 Grinder, Ijyb


Innate Abilities, Weirdness & Mutations

You are resistant to damage.
You can heal yourself by infusing magical energy.
You passively map a small area around you.
You do not regenerate.


Message History

The iguana bites you but does no damage.
The bullfrog skeleton hits you.
The bullfrog skeleton hits you but does no damage.
The iguana bites you but does no damage.
The bullfrog skeleton hits you but does no damage.
The iguana bites you but does no damage.
The bullfrog skeleton hits you but does no damage.
You can move again.
You barely miss the bullfrog skeleton.
The bullfrog skeleton is heavily damaged.
The iguana barely misses you.
The bullfrog skeleton barely misses you.
The iguana misses you.
Grinder blinks!
The bullfrog skeleton closely misses you.
The ogre shouts!
You sock the bullfrog skeleton!
The bullfrog skeleton is almost destroyed.
The bullfrog skeleton hits you.
You sock the bullfrog skeleton!
You destroy the bullfrog skeleton!
Dithmenos accepts your kill. The ogre closely misses you.
Okay, then.
You feel yourself speed up.
You hit Grinder.
Grinder is poisoned.
Grinder is lightly wounded.
The ogre hits you with a +0 giant club!
You closely miss Grinder.
Grinder is lightly wounded.
Grinder gestures at you. You resist with significant effort.
The ogre hits you with a +0 giant club!
* * * LOW HITPOINT WARNING * * *
You sock Grinder!
Grinder is moderately wounded.
Grinder hits you but does no damage.
You hit Grinder.
Grinder is heavily wounded.
The ogre hits you with a +0 giant club!!
You die...

...∩..... , , , ,
......... ...# ..
#....>... ..#. * ...,
...............### #... ,
.......8...O...#.###....
..$...##..... .n........
, #...... .........*
..##..##......##...#,...
, ......#
#.....#.@.##.... ,
......###...)##O#5#.....
,
.......##....).l#.......
...................##, ,
, ..................##
##.. ..................#
...#
..................##....#
*
...................#.....
.........................
, ,


You could see Grinder (very poisoned), an ogre, a necrophage and an iguana.

Vanquished Creatures
  2 scorpions (D:4)
  A bullfrog skeleton (D:5)
  An orc priest (D:4)
  An orc wizard (D:5)
  5 adders
  2 worms (D:4)
  2 dart slugs
  4 orcs
  9 ball pythons
  8 endoplasms
  4 giant cockroaches
  12 goblins
  5 hobgoblins
  3 quokkas
  4 bats
  4 frilled lizards
  10 kobolds
  A rat (D:1)
78 creatures vanquished.

Notes
Turn   | Place    | Note
-------+----------+-------------------------------------------
     0 | D:5      | Coron the Deep Dwarf Delver began the quest for the Orb.
     0 | D:5      | Reached XP level 1. HP: 20/20 MP: 1/1
     0 | D:5      | Noticed Ijyb
     8 | D:4      | Noticed a scorpion
   203 | D:4      | Found a sparkling altar of Nemelex Xobeh.
   225 | D:4      | Found a stormy altar of Qazlal.
   356 | D:3      | Reached skill level 1 in Armour
   363 | D:3      | Reached XP level 2. HP: 16/27 MP: 2/2
   601 | D:3      | Found a hide-covered altar of Uskayaw.
   767 | D:2      | Reached XP level 3. HP: 19/34 MP: 3/3
   935 | D:1      | Reached skill level 1 in Maces & Flails
  1034 | D:1      | Found a faded altar of an unknown god.
  1053 | D:1      | Prayed at the altar of an unknown god.
  1053 | D:1      | Became a worshipper of Dithmenos the Shadowed
  1053 | D:1      | Reached * piety under Dithmenos
  1607 | D:1      | Reached XP level 4. HP: 42/42 MP: 4/4
  1902 | D:2      | Reached ** piety under Dithmenos
  2280 | D:4      | Noticed a phantom
  2360 | D:4      | Identified 2 scrolls of acquirement
  2360 | D:4      | Acquired a ring of poison resistance
  2497 | D:4      | Killed a scorpion
  2498 | D:4      | Reached skill level 7 in Stealth
  2498 | D:4      | Reached XP level 5. HP: 43/49 MP: 5/5
  2811 | D:5      | Noticed a necrophage
  2811 | D:5      | Found Tefiarue's Antique Armour Boutique.
  2857 | D:5      | Noticed Grinder
  2902 | D:4      | Reached XP level 6. HP: 51/56 MP: 6/6
  2975 | D:5      | Identified the +6 flail "Uloucs" {venom, +Blink rF+++ Dex-3
                  | SInv}
  3004 | D:5      | Paralysed by Grinder for 7 turns
  3019 | D:5      | Slain by an ogre

Illustrated notes

Levels and vault maps discovered:
D:1:      psy_arrival_fountain, layout_basic, basic_ecumenical_altar
D:2:      layout_loops_ring
D:3:      layout_rooms, nicolae_uskayaw_dance_hall
D:4:      layout_rooms, mainiacjoe_overflow_large_starburst
D:5:      layout_cave_pools, serial_shops, nicolae_stop_n_shop_1,
          kennysheep_generic_room_6, uniq_grinder, uniq_prince_ribbit1,
          uniq_ijyb

Skill      XL: |  1  2  3  4  5  6 |
---------------+-------------------+-----
Armour         | 1 2 3 4 |  4.0
Fighting       | 3 |  3.0
Maces & Flails | 1 |  1.9
Dodging        | 3 |  3.8
Stealth        | 7 |  7.1
Axes           | |  2.9

Action                   |  1- 3 |  4- 6 || total
-------------------------+-------+-------++-------
Melee: Hand axe          |    57 |       ||    57
       Whip              |    99 |   124 ||   223
       Punch             |     1 |     2 ||     3
       Flail             |       |    16 ||    16
Evoke: Wand              |       |     2 ||     2
  Use: Scroll            |     1 |     1 ||     2
       Potion            |       |     1 ||     1
 Stab: Sleeping          |     9 |     6 ||    15
       Distracted        |     1 |       ||     1
Armor: Leather armour    |    55 |     1 ||    56
       Ring mail         |       |    39 ||    39
Dodge: Dodged            |   104 |    81 ||   185
